 Dungeon Crawl Stone Soup version 0.30-a0-54-g2e61a25929 (webtiles) character file.

Game seed: 18323178109284110986

15087 kae the Arsonist (level 11, -11/92 HPs)
             Began as a Demigod Fire Elementalist on Sept 7, 2022.
             Engulfed by a cloud of flame (26 damage)
             ... on level 11 of the Dungeon.
             The game lasted 00:17:53 (17336 turns).

kae the Arsonist (Demigod Fire Elementalist)       Turns: 17336, Time: 00:17:54

Health: -11/92     AC: 12    Str:  9    XL:     11   Next: 65%
Magic:  6/25       EV: 11    Int: 29    God:
Gold:   537        SH:  0    Dex: 14    Spells: 11/24 levels left

rFire   . . .      SeeInvis .    f - +2 spear (freeze)
rCold   . . .      Faith    .    (no shield)
rNeg    . . .      Spirit   .    B - +0 acid dragon scales
rPois   .          Reflect  .    (no helmet)
rElec   .          Harm     .    (no cloak)
rCorr   +          Rampage  .    q - +1 pair of gloves
Will    +....                    (no boots)
Stlth   ++........               (no amulet)
HPRegen 0.25/turn                O - +4 ring of protection
MPRegen 0.19/turn                L - ring of flight

@: flying
A: high MP 1, forlorn, divine attributes
a: no special abilities


You were on level 11 of the Dungeon.
You visited 1 branch of the dungeon, and saw 11 of its levels.

You collected 637 gold pieces.
You spent 100 gold pieces at shops.


Innate Abilities, Weirdness & Mutations

You have an increased reservoir of magic. (+10% MP)
You shall have no god before yourself.
Your divine heritage dramatically boosts your attributes as you level up.


   Skills:
 - Level 7.1 Fighting
 + Level 2.8 Dodging
 - Level 1.7 Stealth
 - Level 7.0 Spellcasting
 - Level 10.1 Conjurations
 - Level 3.0 Hexes
 - Level 10.5 Fire Magic


You had 11 spell levels left.
You knew the following spells:

 Your Spells              Type           Power      Damage    Failure   Level
a - Foxfire               Conj/Fire      100%       2x1d9     1%          1
b - Scorch                Fire           100%       2d10      1%          2
c - Conjure Flame         Conj/Fire      63%        6-21      1%          3
d - Inner Flame           Hex/Fire       49%        N/A       1%          3
e - Flame Wave            Conj/Fire      63%        2d15      1%          4

Your spell library contained the following spells:

 Spells                   Type           Power      Damage    Failure   Level
 Magic Dart               Conj           100%       1d8       1%          1
 Searing Ray              Conj           100%       2d8       1%          2
 Fulminant Prism          Conj/Hex       24%        3d13      5%          4
 Tukima's Dance           Hex            27%        N/A       8%          3
 Summon Small Mammal      Summ           40%        N/A       9%          1
 Sublimation of Blood     Necr           10%        N/A       13%         2
 Portal Projectile        Hex/Tloc       36%        N/A       14%         3
 Summon Guardian Golem    Hex/Summ       18%        N/A       14%         3
 Call Canine Familiar     Summ           10%        N/A       26%         3
 Ozocubu's Armour         Ice            10%        N/A       26%         3
 Irradiate                Conj/Tmut      19%        3d18      28%         5
 Leda's Liquefaction      Hex/Erth       9%         N/A       41%         4
 Petrify                  Tmut/Erth      10%        N/A       63%         4
 Blade Hands              Tmut           5%         N/A       93%         5
 Ozocubu's Refrigeration  Ice            5%         4d8       100%        7

Inventory:

Hand Weapons
 f - a +2 spear of freezing (weapon)
   (You found it on level 3 of the Dungeon)
Missiles
 d - 88 stones
 e - 11 boomerangs
 i - 20 poisoned darts
 m - 10 javelins
Armour
 a - a +0 robe
 q - a +1 pair of gloves (worn)
   (You found it on level 2 of the Dungeon)
 B - +0 acid dragon scales (worn)
   (You took it off Maggie on level 10 of the Dungeon)
Magical Staves
 k - a staff of air {!a}
   (You found it on level 2 of the Dungeon)
Jewellery
 G - an amulet of guardian spirit
   (You found it on level 8 of the Dungeon)
 L - a ring of flight (right hand)
   (You found it on level 10 of the Dungeon)
 O - a +4 ring of protection (left hand)
   (You found it on level 3 of the Dungeon)
 T - an amulet of faith {!P}
   (You found it on level 4 of the Dungeon)
Wands
 c - a wand of polymorph (14)
   (You found it on level 1 of the Dungeon)
 s - a wand of roots (1)
   (You took it off Edmund on level 5 of the Dungeon)
 y - a wand of flame (18)
   (You took it off an orc on level 7 of the Dungeon)
 D - a wand of paralysis (5)
   (You found it on level 10 of the Dungeon)
Scrolls
 h - 6 scrolls of teleportation {@r4}
 r - 3 scrolls of butterflies
 u - a scroll of silence {!r}
 v - 2 scrolls of magic mapping {!r}
 x - 5 scrolls of immolation {!r!r}
 A - a scroll of vulnerability {!r!r}
 C - a scroll of enchant weapon
Potions
 b - 2 potions of magic
 g - 3 potions of curing {@q1}
 j - a potion of might
 l - 3 potions of brilliance
 n - a potion of mutation {!q}
 o - 2 potions of heal wounds {@q2}
 p - a potion of lignification {!q}
 t - 3 potions of berserk rage {unknown}
 w - a potion of attraction {!q}
 z - a potion of flight {unknown}

Dungeon Overview and Level Annotations

Branches:
Dungeon (11/15) Zot: 26937  Temple (0/1) D:4            Lair (0/5) D:10
    Orc (0/2) D:10

Shops:
D:2 ([!(   D:4 (   D:10 :   D:11 =

Annotations:
D:3 Ijyb
D:4 Dowan
D:7 1 runed translucent door, Crazy Yiuf
D:8 exclusions: boulder beetle, deep elf pyromancer, hydra and ugly thing

,,,,***,**,,** *,,** *,*
,,,*,*,*,,,,** #...#* *,*
*,,,****,,*,,** #.#..* ***,*
*,,,,**,,,*,,,* #.##.* *,.,*
*,*,,**,*,*,*,###.##.##*###.#,*
,*,,*****,*,#,#.#.##^.##<..,*,*
*,,*,,*
*,,,#.*........#.#***,**
*,*,,****,,,*#.##.###....##
*,,*
,,,,,*,*,,*,,#ยงu@)........#
**,*
,8,8^,,,,**#...)#.###..?..#
*,** ,,,,,*,*,,#..#ยง##.#
#.....# *,..
*,*,,****...*#.*#.#*#....โˆฉ#
**#. *,,*,,*
*.,,*$**#.##..#..## #.
,*,,*****,*,#C* #....###..# #.
*,*,,**,*,*,#,* #..##* ##.## *.
*,,,,**,,,*,,,* #.#* #..## *#
*,,,****,,*,,** ### ##..#####


You could see a green ugly thing and a cyclops.


Message History

A wave of flame ripples out!
The flame wave engulfs the manticore!!!
The manticore is burned terribly!
You kill the manticore! (Press . to intensify the flame waves.)
You hear a shout! x2 ๐Ÿ˜จ HP[+1] MP[-4]
You lost 4 mp, and now have 16/25 mp.
A wave of flame ripples out!
The orc wizard gestures at you while chanting.
The magic dart hits you but does no damage. ๐Ÿ˜จ MP[-1]
You lost 1 mp, and now have 15/25 mp.
A wave of flame ripples out!
The flame wave engulfs the orc wizard.
You finish channelling waves of flame.
You hear the faint crackling of a distant melting archway.
You hear a horrible gurgling sound!
You hear a shout! ๐Ÿ˜จ MP[-1]
You lost 1 mp, and now have 14/25 mp.
Casting: Flame Wave (mildly dangerous; 1% risk of failure)
Confirm with . or Enter, or press ? or * to list all spells.
Flames lash the orc wizard.
The orc wizard's fire resistance burns away.
An orc comes into view. It is wielding a +0 club.
The orc wizard closely misses you. ๐Ÿ˜จ HP[+1] MP[-1]
You lost 1 mp, and now have 13/25 mp.
Unknown command.
Casting: Scorch (safe; 1% risk of failure)
Confirm with . or Enter, or press ? or * to list all spells.
You conjure some foxfire!
The foxfire hits the orc wizard.
The orc wizard is burned terribly!
You kill the orc wizard!
An orc comes into view. It is wielding a +0 dagger. ๐Ÿ˜จ MP[-1]
You lost 1 mp, and now have 12/25 mp.
You hit the orc.
You freeze the orc. 2 orcs come into view.
The orc shouts! x2; You hear a shout!
The foxfire hits the orc but does no damage.
The orc hits you but does no damage. x3
A green ugly thing comes into view.
You see here a manticore corpse. ๐Ÿ˜ฎ HP[+1] MP[+1]
You are too injured to fight recklessly!
You are too injured to fight recklessly!
You are too injured to fight recklessly!
You are too injured to fight recklessly!
The green ugly thing gurgles horribly!
You hit the orc. You freeze the orc. The orc closely misses you.
The orc hits you with a +0 dagger.
* * * LOW HITPOINT WARNING * * *
The orc closely misses you. ๐Ÿ˜จ HP[-1]
You take 1 damage, and now have 46/92 hp.
Unknown command.
You hit the orc. You freeze the orc.
You kill the orc!
The orc hits you but does no damage. The orc closely misses you. x2
The orc hits you but does no damage.
You closely miss the orc.
A centaur comes into view.
The orc hits you with a +0 dagger.
* * * LOW HITPOINT WARNING * * *
The orc barely misses you. ๐Ÿ˜จ HP[-4]
You take 4 damage, and now have 42/92 hp.
Casting: Foxfire (safe; 1% risk of failure)
Confirm with . or Enter, or press ? or * to list all spells.
Aiming: Inner Flame (safe; 1% risk of failure)
Press: ? - help, Dir - move target, f - orc
Aim: an orc, wielding a +0 dagger and wearing a +0 chain mail (chance to affect: 98%)
The orc is filled with an inner flame.
A cyclops comes into view.
The orc completely misses you. ๐Ÿ˜จ HP[+1] MP[-3]
You lost 3 mp, and now have 10/25 mp.
Casting: Inner Flame (safe; 1% risk of failure)
Confirm with . or Enter, or press ? or * to list all spells.
Casting: Flame Wave (mildly dangerous; 1% risk of failure)
Press: ? - help, Dir - look around, f - activate A wave of flame ripples out!
The flame wave engulfs the orc!
You kill the orc!
The flame wave engulfs the green ugly thing! (Press . to intensify the flame waves.)
The centaur wields a +0 shortbow.
The centaur shoots an arrow.
The arrow misses you.
The green ugly thing headbutts you but does no damage. ๐Ÿ˜จ MP[-3]
You lost 3 mp, and now have 7/25 mp.
A wave of flame ripples out!
The flame wave engulfs the orc!!
The flame wave engulfs the green ugly thing!
The flame wave engulfs the centaur!!
You kill the centaur!
The flame wave engulfs the orc!
You kill the orc!
The orc explodes!
The fiery explosion engulfs the green ugly thing!
The fiery explosion engulfs you!!
* * * LOW HITPOINT WARNING * * *
You are engulfed in blazing flames.
You die...

Skill      XL: |  1  2  3  4  5  6  7  8  9 10 11 |
---------------+----------------------------------+-----
Conjurations   | 1 2 3 4 5 7 8 10 | 10.1
Fire Magic     | 3 4 5 6 7 9 10 | 10.5
Spellcasting   | 2 3 4 5 7 |  7.0
Hexes          | 2 3 |  3.0
Fighting       | 7 |  7.1
Dodging        | 2 |  2.8
Stealth        | |  1.7

Action                   |  1- 3 |  4- 6 |  7- 9 | 10-12 || total
-------------------------+-------+-------+-------+-------++-------
Melee: Unarmed           |     1 |       |       |       ||     1
       Spear             |       |     7 |     5 |    37 ||    49
       Punch             |       |       |       |     1 ||     1
 Cast: Foxfire           |    75 |    19 |   136 |    98 ||   328
       Scorch            |     3 |    21 |    97 |    86 ||   207
       Conjure Flame     |       |     5 |    13 |    14 ||    32
       Inner Flame       |       |       |     1 |     8 ||     9
       Flame Wave        |       |       |     1 |    15 ||    16
  Use: Scroll            |     6 |     1 |     5 |     5 ||    17
       Potion            |       |     1 |       |     4 ||     5
Armor: Robe              |     3 |     9 |    40 |    54 ||   106
       Acid dragon scale |       |       |       |    32 ||    32
       Skin              |       |       |       |     6 ||     6
Dodge: Dodged            |    10 |    12 |    87 |   173 ||   282

Levels and vault maps discovered:
D:1:      roderic_crop_circles_arrival_small, layout_basic,
          hellmonk_ecumenical_altar_lost_god
D:2:      layout_rooms, serial_shops, shop, nicolae_shop_trees, shop,
          nicolae_shop_stone
D:3:      layout_rooms, grunt_qazlal_clouds, nicolae_overflow_hidden_temple,
          chequers_serial_rivers_small_a, kennysheep_nub, uniq_ijyb,
          uniq_grinder
D:4:      layout_loops_cross, minmay_temple_entry_glass, serial_shops,
          nicolae_shop_advertising_works [nicolae_subvault_shop_adworks],
          minmay_fountain_box, uniq_duvessa
D:5:      layout_basic, kennysheep_little_box, mainiacjoe_overflow_alcove_2,
          nicolae_hepliaklqana_monster_ancestors, minmay_ogre_servants,
          uniq_menkaure, uniq_blork_the_orc, uniq_edmund, uniq_prince_ribbit1
D:6:      layout_basic
D:7:      layout_layer_cave, lemuel_tele_altar, uniq_crazy_yiuf_cottage
D:8:      minmay_the_grid_octo_tiled_squarecenter
          [minmay_the_grid_octo_thin_diamonds, minmay_the_grid_octo_fan_narrow,
          minmay_the_grid_octo_vomiting_pacman, minmay_the_grid_octo_77,
          minmay_the_grid_square_5x5_megaprize_diamond,
          minmay_the_grid_square_5x5_n_small,
          minmay_the_grid_square_5x5_spiral_small,
          minmay_the_grid_square_5x5_slash, minmay_the_grid_square_5x5_minimal],
          layout_gridville
D:9:      layout_basic, vehumet_crystals, nicolae_kikubaaqudgha_miasma_corner
D:10:     layout_roguey, erik_lair_island, david_orc_3, serial_shops, shop,
          uniq_amaemon, uniq_urug, uniq_maggie
D:11:     wad_crossroads, layout_rooms, portal_ice_cave_entry_imps,
          serial_shops, shop, minmay_orc_keep, uniq_erica

Notes
Turn   | Place    | Note
-------+----------+-------------------------------------------
     0 | D:1      | kae the Demigod Fire Elementalist began the quest for the
                  | Orb.
     0 | D:1      | Reached XP level 1. HP: 14/14 MP: 5/5
     0 | D:1      | magus.rc [v1.11.3]
    39 | D:1      | Reached skill level 1 in Conjurations
    64 | D:1      | You fall into a shaft and drop 1 floor!
    78 | D:2      | Found Zaefout's Antique Weapon Emporium.
   112 | D:2      | Found Hihepoto's Armour Emporium.
   183 | D:1      | You pick up a book of Conjurations and begin reading...
   183 | D:1      | You add the spells Magic Dart, Searing Ray and Fulminant
                  | Prism to your library.
   370 | D:1      | You pick up a book of Alchemy and begin reading...
   370 | D:1      | You add the spells Sublimation of Blood, Petrify and
                  | Irradiate to your library.
   529 | D:1      | Reached XP level 2. HP: 20/20 MP: 4/7
   542 | D:1      | Reached skill level 3 in Fire Magic
  1028 | D:2      | Reached skill level 2 in Spellcasting
  1595 | D:2      | Found Cimocru's Distillery.
  1605 | D:2      | Bought a potion of heal wounds for 50 gold pieces
  1605 | D:2      | Bought a potion of lignification for 30 gold pieces
  1605 | D:2      | Bought 2 potions of degeneration for 20 gold pieces
  1760 | D:2      | Reached XP level 3. HP: 26/26 MP: 4/8
  1763 | D:2      | Reached skill level 2 in Conjurations
  1823 | D:2      | Found Noner's Antique Weapon Shop.
  1887 | D:3      | Noticed Ijyb
  1989 | D:3      | Learned a level 2 spell: Scorch
  1993 | D:3      | Learned a level 3 spell: Conjure Flame
  2311 | D:3      | Reached XP level 4. HP: 29/33 MP: 5/10
  2420 | D:3      | Noticed Grinder
  2421 | D:3      | Paralysed by Grinder for 3 turns
  2444 | D:3      | Paralysed by Grinder for 4 turns
  2445 | D:3      | Killed Grinder
  2446 | D:3      | Reached skill level 3 in Conjurations
  2446 | D:3      | Reached skill level 4 in Fire Magic
  2446 | D:3      | Reached XP level 5. HP: 26/38 MP: 1/12
  2923 | D:4      | Reached XP level 6. HP: 45/45 MP: 9/13
  2989 | D:4      | Found a staircase to the Ecumenical Temple.
  3072 | D:4      | Reached skill level 3 in Spellcasting
  3130 | D:4      | Reached skill level 4 in Conjurations
  3159 | D:4      | You pick up a book of Callings and begin reading...
  3159 | D:4      | You add the spells Summon Small Mammal, Call Canine
                  | Familiar and Summon Guardian Golem to your library.
  3168 | D:4      | Found Umumyl's Weapon Shoppe.
  3296 | D:4      | Reached skill level 5 in Fire Magic
  3433 | D:4      | Noticed a yak
  3433 | D:4      | Noticed a yak
  3434 | D:4      | Noticed a yak
  3482 | D:4      | HP: 4/45 [cloud of flame (23)]
  3486 | D:4      | Killed a yak
  3487 | D:4      | Reached XP level 7. HP: 25/50 MP: 0/15
  3533 | D:4      | Killed a yak
  3668 | D:4      | Killed a yak
  3669 | D:4      | Reached skill level 5 in Conjurations
  3912 | D:4      | Noticed Dowan
  4230 | D:4      | Learned a level 3 spell: Inner Flame
  4235 | D:4      | Learned a level 4 spell: Flame Wave
  4246 | D:5      | Entered Level 5 of the Dungeon
  4344 | D:5      | Reached skill level 6 in Fire Magic
  4522 | D:5      | Noticed Menkaure
  4529 | D:5      | Killed Menkaure
  4530 | D:5      | Reached skill level 4 in Spellcasting
  4530 | D:5      | Reached XP level 8. HP: 30/57 MP: 13/17
  4626 | D:5      | Identified the +12 long sword of Arrival {antimagic, *Noise
                  | rC+++ Int+3 Dex+2}
  4693 | D:5      | Noticed Blork the orc
  4711 | D:5      | Killed Blork the orc
  4712 | D:5      | Reached skill level 6 in Conjurations
  4839 | D:5      | Noticed Prince Ribbit
  4850 | D:5      | Killed Prince Ribbit
  4976 | D:5      | Noticed Edmund
  4980 | D:5      | Reached skill level 7 in Fire Magic
  5299 | D:5      | You pick up a book of Weapons and begin reading...
  5299 | D:5      | You add the spells Tukima's Dance, Portal Projectile and
                  | Blade Hands to your library.
  5855 | D:5      | Killed Edmund
  6357 | D:6      | Reached skill level 7 in Conjurations
  6633 | D:6      | Reached XP level 9. HP: 62/62 MP: 13/19
  6785 | D:6      | You pick up a book of Flames and begin reading...
  6991 | D:6      | Reached skill level 5 in Spellcasting
  7102 | D:6      | Reached skill level 8 in Fire Magic
  8580 | D:7      | Reached skill level 8 in Conjurations
  8904 | D:7      | Found a runed translucent door.
  8905 | D:7      | Noticed Crazy Yiuf
  9792 | D:8      | Noticed a seven-headed hydra
  9807 | D:8      | Found the +8 demon blade "Leech" {vamp, Harm Drain rN+}
  9807 | D:8      | Noticed a deep elf pyromancer
  9807 | D:8      | Noticed a boulder beetle
  9807 | D:8      | Noticed a red ugly thing
  9865 | D:8      | Reached skill level 9 in Fire Magic
  9919 | D:8      | You pick up a book of the Hunter and begin reading...
 10356 | D:8      | Reached XP level 10. HP: 62/69 MP: 15/22
 10645 | D:8      | Reached skill level 6 in Spellcasting
 10645 | D:8      | Reached skill level 9 in Conjurations
 10719 | D:8      | Noticed a cyclops
 10764 | D:8      | Killed a deep elf pyromancer
 11033 | D:8      | HP: 16/69 [cyclops/large rock (24)]
 11035 | D:8      | Killed a cyclops
 11311 | D:8      | Killed a boulder beetle
 11312 | D:8      | Reached skill level 10 in Fire Magic
 11625 | D:8      | Noticed a death knight
 11891 | D:8      | HP: 8/69 [death knight/sling bullet (28)]
 11891 | D:8      | HP: 2/69 [death knight/sling bullet (6)]
 12980 | D:9      | Noticed a two-headed ogre
 12992 | D:9      | Killed a two-headed ogre
 12993 | D:9      | Reached skill level 10 in Conjurations
 13007 | D:9      | HP: 17/69 [killer bee (4)]
 13014 | D:9      | HP: 11/69 [something (9)]
 13558 | D:9      | You pick up a book of Alchemy and begin reading...
 13858 | D:9      | You add the spells Ozocubu's Armour and Ozocubu's
                  | Refrigeration to your library.
 14104 | D:10     | Entered Level 10 of the Dungeon
 14107 | D:10     | Noticed Amaemon
 14169 | D:10     | Reached skill level 1 in Hexes
 14169 | D:10     | Noticed a two-headed ogre
 14186 | D:10     | Killed Amaemon
 14187 | D:10     | Reached skill level 7 in Spellcasting
 14187 | D:10     | Reached skill level 2 in Hexes
 14187 | D:10     | Reached XP level 11. HP: 45/74 MP: 6/25
 14187 | D:10     | Killed a two-headed ogre
 14188 | D:10     | Reached skill level 3 in Hexes
 14188 | D:10     | Reached skill level 1 in Fighting
 14188 | D:10     | magus.rc [v1.11.3]
 14345 | D:9      | HP: 18/77 [poisoned by an orange demon]
 14350 | D:9      | HP: 14/79 [poisoned by an orange demon]
 14644 | D:10     | Noticed Maggie
 14646 | D:10     | Reached skill level 2 in Fighting
 14722 | D:10     | HP: 16/79 [yak (7)]
 14723 | D:10     | HP: 4/79 [yak (9)]
 14726 | D:10     | Reached skill level 3 in Fighting
 15031 | D:10     | Killed Maggie
 15031 | D:10     | HP: 6/83 [spore (32)]
 15032 | D:10     | Reached skill level 4 in Fighting
 15441 | D:10     | HP: 18/85 [troll (13)]
 15442 | D:10     | HP: 5/85 [troll (13)]
 15804 | D:10     | Found a staircase to the Lair.
 15873 | D:10     | Reached skill level 5 in Fighting
 15988 | D:10     | Found a staircase to the Orcish Mines.
 16004 | D:10     | Found Owux's Book Emporium.
 16435 | D:10     | Noticed Urug
 16452 | D:10     | Killed Urug
 16453 | D:10     | Reached skill level 6 in Fighting
 16745 | D:10     | Reached skill level 7 in Fighting
 16936 | D:10     | Reached skill level 2 in Dodging
 17300 | D:11     | Found Tatozuc's Jewellery Shop.
 17320 | D:11     | HP: 20/92 [manticore (5)]
 17336 | D:11     | HP: 15/92 [spore (28)]
 17336 | D:11     | Engulfed by a cloud of flame

Vanquished Creatures
  A boulder beetle (D:8)
  2 two-headed ogres
  Urug (D:10)
  Amaemon (D:10)
  A deep elf pyromancer (D:8)
  A manticore (D:11)
  A cyclops (D:8)
  An orange demon (D:9)
  Maggie (D:10)
  A kobold demonologist (D:10)
  5 trolls
  Grinder (D:3)
  Prince Ribbit (D:5)
  20 yaks
  A shadow (D:10)
  A wyvern (D:8)
  A steam dragon (D:8)
  Menkaure (D:5)
  A warg (D:10)
  Edmund (D:5)
  3 orc warriors
  A black bear (D:6)
  3 sky beasts
  7 centaurs
  4 ice beasts
  2 wolves (D:10)
  4 ogres
  A phantom (D:5)
  Blork the orc (D:5)
  2 kobold brigands
  A scorpion (D:5)
  2 bullfrogs
  2 gnoll sergeants
  2 necrophages
  12 wights
  10 killer bees
  3 electric eels (D:10)
  4 howler monkeys
  A jelly (D:6)
  8 hounds
  9 orc priests
  2 iguanas
  11 orc wizards
  3 gnolls (D:9)
  10 adders
  A shadow imp (D:8)
  A white imp (D:7)
  An ufetubus (D:7)
  3 worms
  2 dart slugs (D:5)
  38 orcs
  6 ball pythons
  5 bats
  6 endoplasms
  2 giant cockroaches
  15 goblins
  2 hobgoblins (D:1)
  2 jackals (D:2)
  12 kobolds
  3 frilled lizards (D:3)
  3 rats
  A spectral orc (D:5)
255 creatures vanquished.

Vanquished Creatures (others)
  589 foxfires
589 creatures vanquished.

Grand Total: 844 creatures vanquished

Table legend:
 A = Non-vault XP
 B = Vault XP
 C = Vault XP percentage of total XP
 D = Non-vault monster count
 E = Vault monster count
 F = Vault count percentage of total count
                 A         B        C        D         E       F
            +---------+---------+-------+---------+---------+-------
      Total |   12995 |    8668 |  40.0 |     198 |      57 |  22.4
            +---------+---------+-------+---------+---------+-------
        D:1 |      17 |       0 |   0.0 |      11 |       0 |   0.0
        D:2 |      42 |       0 |   0.0 |      15 |       0 |   0.0
        D:3 |      77 |     281 |  78.5 |      16 |       1 |   5.9
        D:4 |     973 |       0 |   0.0 |      20 |       0 |   0.0
        D:5 |     589 |     839 |  58.8 |      17 |      15 |  46.9
        D:6 |    1303 |       0 |   0.0 |      24 |       0 |   0.0
        D:7 |     935 |       0 |   0.0 |      17 |       0 |   0.0
        D:8 |     522 |    4009 |  88.5 |      10 |      22 |  68.8
        D:9 |    2767 |     454 |  14.1 |      34 |       2 |   5.6
       D:10 |    5189 |    2982 |  36.5 |      28 |      16 |  36.4
       D:11 |     581 |     103 |  15.1 |       6 |       1 |  14.3
            +---------+---------+-------+---------+---------+-------

Illustrated notes

Table legend:
 A = Kills in this place as a percentage of kills in entire the game.
 B = Kills by you in this place as a percentage of kills by you in the entire game.
 C = Kills by friends in this place as a percentage of kills by friends in the entire game.
 D = Other kills in this place as a percentage of other kills in the entire game.
 E = Experience gained in this place as a percentage of experience gained in the entire game.
 F = Experience gained in this place divided by the number of levels of this place that you have seen.
                   A       B       C       D       E      F
               +-------+-------+-------+-------+-------+----------------------
         Total | 100.0 | 100.0 |   N/A |   N/A | 100.0 | 1969.4
       Dungeon | 100.0 | 100.0 |   N/A |   N/A | 100.0 | 1969.4
               +-------+-------+-------+-------+-------+----------------------

Table legend: (Time is in decaauts)
 A = Elapsed time spent in this place.
 B = Non-inter-level travel time spent in this place.
 C = Inter-level travel time spent in this place.
 D = Time resting spent in this place.
 E = Time spent auto-exploring this place.
 F = Levels seen in this place.
 G = Mean time per level.
                   A        B        C        D        E       F      G
               +--------+--------+--------+--------+--------+-----+--------+
         Total |  17354 |  16693 |    661 |   1528 |  13052 |  11 | 1577.6 |
       Dungeon |  17354 |  16693 |    661 |   1528 |  13052 |  11 | 1577.6 |
               +--------+--------+--------+--------+--------+-----+--------+

Top non-repeatable levels by time:
     D:8: 3134 daAuts
    D:10: 2334 daAuts
     D:7: 2035 daAuts
     D:9: 1904 daAuts
     D:6: 1851 daAuts
     D:5: 1683 daAuts
     D:4: 1361 daAuts
     D:3: 1117 daAuts
     D:1: 962 daAuts
     D:2: 914 daAuts
    D:11: 54 daAuts
